 Dungeon Crawl Stone Soup version 0.31-a0-145-g046c7d2549 (webtiles) character file.

Game seed: 13947080044900797553

1136 Anon1729 the Sneak (level 8, -6/54 HPs)
             Began as an Octopode Monk on June 5, 2023.
             Was a High Priest of Cheibriados.
             Mangled by an orc warrior
             ... wielding a +0 mace
              (12 damage)
             ... on level 5 of the Dungeon.
             The game lasted 00:10:02 (5521 turns).

Anon1729 the Sneak (Octopode Monk)                  Turns: 5521, Time: 00:10:03

Health: -6/54      AC:  1    Str: 29    XL:     8   Next: 36%
Magic:  11/11      EV: 17    Int: 28    God:    Cheibriados [*****.]
Gold:   80         SH:  0    Dex: 27    Spells: 7/7 levels left

rFire   . .          .
                       - Unarmed
rCold   . . .        (no shield)
rNeg    . . .        (helmet restricted)
rPois   .            (no amulet)
rElec   .            p - ring of see invisible
rCorr   .            m - +6 ring of strength
SInv    +            (no ring)
Will    .....        (no ring)
Stlth   +++++        (no ring)
HPRegen 0.29/turn    (no ring)
MPRegen 0.12/turn    (no ring)
                     (no ring)

%: no passive effects
@: very slow
A: almost no armour, amphibious, 8 rings, camouflage 1, gelatinous body 1,
(nimble swimmer 1), tentacles
a: Renounce Religion, Bend Time, Temporal Distortion, Slouch, Step From Time


You were on level 5 of the Dungeon.
You worshipped Cheibriados.
Cheibriados was extremely pleased with you.
You visited 1 branch of the dungeon, and saw 6 of its levels.

You collected 210 gold pieces.
You spent 130 gold pieces at shops.

Inventory:

Armour
 b - an orb of light
Jewellery
 m - a +6 ring of strength (right tentacle)
 p - a ring of see invisible (left tentacle)
Wands
 h - a wand of iceblast (9)
 t - a wand of flame (6)
Scrolls
 a - a scroll of brand weapon
 c - 2 scrolls of fog
 d - a scroll of vulnerability {unknown}
 e - 3 scrolls of teleportation
 i - a scroll of poison {unknown}
 j - 3 scrolls of immolation
 l - a scroll of blinking {unknown}
 o - a scroll of butterflies {unknown}
 s - a scroll of magic mapping {unknown}
Potions
 f - a potion of attraction {unknown}
 g - 2 potions of brilliance
 k - a potion of mutation {unknown}
 n - a potion of magic {unknown}
 q - a potion of curing {unknown}
 r - a potion of ambrosia


   Skills:
 + Level 4.8 Fighting
 + Level 4.7 Dodging
 * Level 6.7 Stealth
 * Level 5.4 Unarmed Combat
 * Level 4.1 Invocations
 + Level 1.8 Evocations


You had 7 spell levels left.
You didn't know any spells.
Your spell library contained the following spells:

 Spells                   Type           Power      Damage    Failure   Level
 Kiss of Death            Conj/Necr      0%         2d5       11%         1
 Slow                     Hex            0%         N/A       11%         1
 Confusing Touch          Hex            0%         N/A       32%         3
 Vampiric Draining        Necr           0%         2d6       32%         3
 Dispel Undead            Necr           0%         3d6       73%         4


Dungeon Overview and Level Annotations

Branches:
Dungeon (6/15)
 Temple: D:4-7

Altars:
Cheibriados
Dithmenos
Hepliaklqana
Sif Muna
Uskayaw
Wu Jian
Xom
Yredelemnul

Shops:
D:4 *

Annotations:
D:3 Sigmund


Innate Abilities, Weirdness & Mutations

You cannot wear most types of armour.
You are amphibious.
You can wear up to eight rings at the same time.
Your skin changes colour to match your surroundings (Stealth+).
Your rubbery body absorbs attacks. (AC +1, EV +1)
((You are camouflaged when in or above water. (Stealth+)))
You have tentacles for arms and can constrict up to eight enemies at once.


Message History

The jelly misses you.
You bludgeon the jelly!
You kill the jelly!
Cheibriados thoroughly appreciates the change of pace.
You start waiting.
Done waiting.
Found an escape hatch in the ceiling.
An orc comes into view. It is wielding a +0 war axe.
Found 11 gold pieces.
An orc is nearby!
An orc comes into view. It is wielding a +0 hand axe.
An orc warrior comes into view. It is wielding a +0 mace.
An orc priest comes into view. It is wielding a +0 short sword.
The orc warrior shouts!
The orc priest shouts!
An ice beast comes into view.
The ice beast moves out of view.
The orc warrior closely misses you. The orc priest closely misses you.
The orc warrior closely misses you.
The orc warrior attacks as you move away!
The orc warrior hits you with a +0 mace!!
The orc shouts!
There is an escape hatch in the ceiling here.
The orc warrior closely misses you. The ice beast hits you.
The ice beast freezes you! A mysterious force pulls you upwards.
The hatch slams shut behind you.
The orc warrior attacks as you move away!
The orc warrior hits you with a +0 mace!
* * * LOW HITPOINT WARNING * * *
The ice beast attacks as you move away! The ice beast hits you.
* * * LOW HITPOINT WARNING * * *
The ice beast freezes you!
* * * LOW HITPOINT WARNING * * *
The orc warrior barely misses you.
Okay, then.
Okay, then.
Unknown command.
Unknown command.
You fail to use your ability.
The orc warrior hits you with a +0 mace!
You die...

#...#..# #.###.8#
..# #..# #########
.## #..# #.......#
.## #..####.#####.#
..# #..#.....<.##.#
.####8.####.##.##.#
....8⌠.# #.##.##.#
..8....# #...Yo@.#
######## ####.#####
#### #.#...#
...####### #...#.#
#..#.....# ###...#
#..#.....# ##.##
#).......# ##.#
.[.#.....# #..#
...#.....# #.##


You could see an orc warrior and an ice beast.

Vanquished Creatures
  Eustachio (D:4)
  2 centaurs (D:5)
  2 hounds
  An orc priest (D:4)
  A gnoll bouda (D:5)
  2 iguanas
  4 jellies
  A sleepcap (D:4)
  3 orc wizards (D:2)
  16 adders
  9 gnolls (D:5)
  9 river rats
  2 white imps
  4 worms
  2 dart slugs
  5 orcs
  7 ball pythons
  4 bats
  5 endoplasms
  2 giant cockroaches (D:1)
  13 goblins
  5 hobgoblins
  10 jackals
  12 quokkas
  12 kobolds
  22 rats
156 creatures vanquished.

Notes
Turn   | Place    | Note
-------+----------+-------------------------------------------
     0 | D:1      | Anon1729 the Octopode Monk began the quest for the Orb.
     0 | D:1      | Reached XP level 1. HP: 16/16 MP: 1/1
   113 | D:1      | Found a faded altar of an unknown god.
   232 | D:1      | Reached XP level 2. HP: 21/21 MP: 2/2
   774 | D:2      | Reached skill level 1 in Stealth
   774 | D:2      | Reached XP level 3. HP: 26/26 MP: 3/3
   840 | D:2      | Reached skill level 2 in Stealth
   840 | D:2      | Reached XP level 4. HP: 31/31 MP: 4/4
   857 | D:2      | Reached skill level 3 in Stealth
   876 | D:2      | Reached XP level 5. HP: 17/37 MP: 5/5
  1376 | D:1      | Prayed at the altar of an unknown god.
  1376 | D:1      | Became a worshipper of Cheibriados the Contemplative
  1376 | D:1      | Reached * piety under Cheibriados
  1376 | D:1      | Reached ** piety under Cheibriados
  1772 | D:3      | Reached *** piety under Cheibriados
  1792 | D:3      | Found a basalt altar of Yredelemnul.
  1929 | D:3      | Reached skill level 4 in Stealth
  2211 | D:3      | Noticed Sigmund
  2439 | D:3      | Reached skill level 1 in Invocations
  2439 | D:3      | Reached XP level 6. HP: 40/43 MP: 6/6
  2846 | D:4      | Noticed Eustachio
  2853 | D:4      | Killed Eustachio
  3048 | D:4      | Reached skill level 5 in Stealth
  3086 | D:4      | Reached **** piety under Cheibriados
  3087 | D:4      | Reached XP level 7. HP: 34/48 MP: 8/8
  3282 | D:4      | Found a shimmering blue altar of Sif Muna.
  3327 | D:4      | Noticed a shadow
  3328 | D:4      | Found a shadowy altar of Dithmenos.
  3332 | D:4      | Found a hazy altar of Hepliaklqana.
  3554 | D:4      | Found Ribazise's Assorted Antiques.
  3557 | D:4      | Bought a scroll labelled UFOORA DIOCE for 26 gold pieces
  3557 | D:4      | Bought a sharpened glass wand for 104 gold pieces
  3664 | D:5      | Entered Level 5 of the Dungeon
  3741 | D:5      | HP: 2/49 [acid (9)]
  4203 | D:5      | Found a shimmering altar of Xom.
  4380 | D:5      | Reached skill level 5 in Unarmed Combat
  4382 | D:5      | Reached skill level 1 in Evocations
  4384 | D:5      | Reached skill level 6 in Stealth
  4548 | D:5      | Found an ornate altar of the Wu Jian Council.
  4573 | D:5      | Reached XP level 8. HP: 32/54 MP: 10/10
  4745 | D:5      | Reached ***** piety under Cheibriados
  5315 | D:6      | Noticed a +0 dagger
  5315 | D:6      | Noticed a +0 dagger
  5316 | D:6      | Found a hide-covered altar of Uskayaw.
  5521 | D:5      | Mangled by an orc warrior

Illustrated notes

Levels and vault maps discovered:
D:1:      elethiomel_arrival_quiet, layout_basic,
          hellmonk_ecumenical_altar_blasted
D:2:      kennysheep_the_goblin_king, layout_rooms, serial_park_tiny_1
D:3:      layout_loops_corners, mainiacjoe_overflow_concentric_impassable,
          kennysheep_nondescript, uniq_sigmund
D:4:      layout_basic, riverfiend_overflow_shadow_ancestor,
          lemuel_crystal_altar, serial_shops, nicolae_shop_behind_doors,
          minmay_fractal_squares_diagonal_5, uniq_eustachio
D:5:      lemuel_ratsnest, layout_loops_cross,
          mainiacjoe_overflow_small_starburst, pdpol_wu_jian_five_deadly_venoms,
          minmay_misc_feat_tower, chequers_decorated_corner,
          kb_lookout_dungeons_type
D:6:      layout_loops_ring, dancing_weapons_uskayaw, grunt_ministairs_1,
          minmay_manual_moon

Skill      XL: |  1  2  3  4  5  6  7  8 |
---------------+-------------------------+-----
Stealth        | 1 2 3 4 5 6 |  6.7
Fighting       | 4 |  4.8
Unarmed Combat | 4 5 |  5.4
Invocations    | 1 2 3 4 |  4.1
Dodging        | 4 |  4.7
Evocations     | 1 |  1.8

Action                     |  1- 3 |  4- 6 |  7- 9 || total
---------------------------+-------+-------+-------++-------
  Melee: Unarmed           |    50 |   104 |   149 ||   303
         Constrict         |    20 |    31 |    41 ||    92
         Tentacles         |    15 |    29 |    42 ||    86
         Punch             |     4 |     6 |     4 ||    14
  Evoke: Wand              |       |       |     9 ||     9
    Use: Scroll            |       |     4 |     3 ||     7
         Potion            |       |     1 |     3 ||     4
   Stab: Sleeping          |     1 |     6 |     6 ||    13
         Distracted        |       |     1 |     1 ||     2
 Armour: Skin              |     2 |     3 |     6 ||    11
  Dodge: Dodged            |    26 |    65 |   172 ||   263

Table legend: (Time is in decaauts)
 A = Elapsed time spent in this place.
 B = Non-inter-level travel time spent in this place.
 C = Inter-level travel time spent in this place.
 D = Time resting spent in this place.
 E = Time spent auto-exploring this place.
 F = Levels seen in this place.
 G = Mean time per level.
                   A        B        C        D        E       F      G
               +--------+--------+--------+--------+--------+-----+--------+
         Total |   7430 |   7030 |    400 |    585 |   5195 |   6 | 1238.3 |
       Dungeon |   7430 |   7030 |    400 |    585 |   5195 |   6 | 1238.3 |
               +--------+--------+--------+--------+--------+-----+--------+

Top non-repeatable levels by time:
     D:5: 2198 daAuts
     D:3: 1561 daAuts
     D:4: 1383 daAuts
     D:1: 1046 daAuts
     D:2: 918 daAuts
     D:6: 322 daAuts
